 Dungeon Crawl Stone Soup version 0.27.1 (webtiles) character file.

Game seed: 12228939897253290297

66 H0rd4k the Caller (level 4, -12/30 HPs)
             Began as a Barachi Summoner on Aug 26, 2021.
             Mangled by an ogre (28 damage)
             ... on level 3 of the Dungeon.
             The game lasted 00:07:37 (5236 turns).

H0rd4k the Caller (Barachi Summoner)                Turns: 5236, Time: 00:07:37

Health: -12/30     AC:  2    Str: 16    XL:     4   Next: 15%
Magic:  3/9        EV: 12    Int: 16    God:
Gold:   178        SH:  0    Dex: 12    Spells: 6/10 levels left

rFire    . . .     SeeInvis .   (no weapon)
rCold    . . .     Faith    .   (no shield)
rNeg     . . .     Spirit   .   a - +0 robe
rPois    .         Reflect  .   (no helmet)
rElec    .         Harm     .   (no cloak)
rCorr    .         Rampage  .   (no gloves)
Will     .....                  (no boots)
Stlth    ++........             (no amulet)
HPRegen  0.10/turn              g - +6 ring of strength
MPRegen  0.11/turn              (no ring)

@: unable to hop, slow
A: amphibious, slowness 1, strong legs 1, +LOS
a: Hop


You were on level 3 of the Dungeon.
You visited 1 branch of the dungeon, and saw 4 of its levels.

You collected 178 gold pieces.

Inventory:

Missiles
 o - 15 poisoned darts
Armour
 a - a +0 robe (worn)
Magical Staves
 f - a staff of fire
Jewellery
 g - a +6 ring of strength (left hand)
Scrolls
 d - 2 scrolls of enchant armour {unknown}
 h - a scroll of teleportation {unknown}
 k - a scroll of amnesia {unknown}
 m - a scroll of identify {unknown}
 n - a scroll of blinking {unknown}
Potions
 b - a potion of flight {unknown}
 c - a potion of berserk rage {unknown}
 e - a potion of resistance {unknown}
 i - a potion of curing {unknown}
 j - a potion of might {unknown}
 l - a potion of brilliance {unknown}


   Skills:
 + Level 0.1 Fighting
 + Level 2.2 Dodging
 - Level 1.7 Stealth
 * Level 3.5 Spellcasting
 * Level 5.7 Summonings


You had 6 spell levels left.
You knew the following spells:

 Your Spells              Type           Power      Damage    Failure   Level
a - Summon Small Mammal   Summ           84%        N/A       1%          1
b - Call Canine Familiar  Summ           21%        N/A       4%          3

Your spell library contained the following spells:

 Spells                   Type           Power      Damage    Failure   Level
 Call Imp                 Summ           21%        N/A       2%          2
 Summon Guardian Golem    Hex/Summ       12%        N/A       16%         3
 Summon Lightning Spire   Summ/Air       12%        N/A       47%         4


Dungeon Overview and Level Annotations

Branches:
Dungeon (4/15)
 Temple: D:4-7

Altars:

Shops:
D:1 =

Annotations:
D:1 exclusion: downstairs
D:4 Blork the orc


Innate Abilities, Weirdness & Mutations

You are amphibious.
You cover ground slowly.
You can hop short distances.
You have an extended range of vision and can be seen from far away.


Message History

Your hound bites the ogre.
The ogre hits your hound with a +0 giant club!!
Your hound dies!
Your hound's corpse disappears in a puff of smoke!
The ogre shouts!
Casting: Call Canine Familiar (dangerous; 4% risk of failure)
Confirm with . or Enter, or press ? or * to list all spells.
The ogre completely misses you.
You are too depleted to draw on your mana recklessly!
Your hound bites the ogre.
Your hound bites the ogre but does no damage.
The ogre closely misses your hound.
Your hound barely misses the ogre.
The ogre hits your hound with a +0 giant club!!
Your hound dies!
Your hound's corpse disappears in a puff of smoke!
The ogre shouts!
The ogre barely misses you.
Hop to where?
Press: ? - help, Dir - move target Boing!
There is a stone staircase leading down here.
You climb downwards.
Found a scroll labelled YXTIOKYECO and a scroll labelled TIWEKYAHUSOA.
Found a stone staircase leading down.
There is a stone staircase leading up here.
Blork the orc shouts!
There is a stone staircase leading up here.
Blork the orc gestures wildly while chanting.
Blork the orc seems to speed up.
The endoplasm quivers.
You climb upwards.
The ogre hits you with a +0 giant club!
There is a stone staircase leading down here.
Casting: Call Canine Familiar (dangerous; 4% risk of failure)
Confirm with . or Enter, or press ? or * to list all spells.
You don't have enough magic to cast this spell.
The ogre closely misses you.
The ogre hits you with a +0 giant club!!
Ouch! That really hurt!
You die...

.#...#....#
.#...#.##################
.#.........[............#
.#.###....#############.#########
..........'.....(................
...###....#############.######...
.### #....#############.# #...
.#####....#.............# #(..
..........#....O@.......# #...
..........#.............# #...
.......####.>...........# ###'
.......####.............# #.
..........'.............# #.
#......####.............# #.
.......# #..........(..# #.
.##########.............########.
.#........+......................


You could see an ogre.

Vanquished Creatures
  An adder (D:2)
1 creature vanquished.

Vanquished Creatures (collateral kills)
  Jessica (D:2)
  2 adders
  2 orcs (D:3)
  4 endoplasms
  3 giant cockroaches
  2 goblins
  9 hobgoblins
  3 jackals (D:2)
  A quokka (D:3)
  2 ball pythons
  7 bats
  6 frilled lizards
  6 kobolds
  7 rats
55 creatures vanquished.

Grand Total: 56 creatures vanquished

Notes
Turn   | Place    | Note
-------+----------+-------------------------------------------
     0 | D:1      | H0rd4k the Barachi Summoner began the quest for the Orb.
     0 | D:1      | Reached XP level 1. HP: 13/13 MP: 3/3
   285 | D:1      | Reached skill level 5 in Summonings
   541 | D:1      | Reached XP level 2. HP: 19/19 MP: 0/5
  1195 | D:1      | Found Jupori's Jewellery Shoppe.
  1976 | D:2      | Noticed Jessica
  2698 | D:2      | Reached XP level 3. HP: 18/24 MP: 1/7
  2702 | D:2      | Learned a level 3 spell: Call Canine Familiar
  3100 | D:2      | Killed Jessica
  3816 | D:3      | Reached XP level 4. HP: 30/30 MP: 3/9
  4604 | D:3      | Found a faded altar of an unknown god.
  5187 | D:3      | Noticed an ogre
  5228 | D:4      | Noticed Blork the orc
  5236 | D:3      | Mangled by an ogre

Illustrated notes

Levels and vault maps discovered:
D:1:      evilmike_arrival_rings, layout_loops_corners, serial_shops, shop,
          minmay_domino_4
D:2:      layout_basic, uniq_jessica
D:3:      layout_basic, hellmonk_ecumenical_altar_crossroads, moated_statue
D:4:      layout_cave_pods, uniq_robin, uniq_ijyb, uniq_blork_the_orc

Skill      XL: |  1  2 |
---------------+-------+-----
Summonings     | 5 |  5.7
Spellcasting   | 3 |  3.5
Fighting       | |  0.1
Dodging        | |  2.2
Stealth        | |  1.7

Action                   |  1- 3 |  4- 6 || total
-------------------------+-------+-------++-------
Melee: Unarmed           |     7 |       ||     7
 Cast: Summon Small Mamm |   120 |    27 ||   147
       Call Canine Famil |     9 |     9 ||    18
 Abil: Hop               |     1 |     1 ||     2
Armor: Robe              |    10 |     3 ||    13
Dodge: Dodged            |    35 |    28 ||    63
